 Dungeon Crawl Stone Soup version 0.25-a0-290-g4a1327e (webtiles) character file.

Game seed: 11651278244326023915, levelgen mode: deterministic

396 MrTaco21 the Skirmisher (level 6, 0/41 HPs)
             Began as a Gargoyle Fighter on Dec 14, 2019.
             Slain by an orc
             ... wielding a +0 mace
              (1 damage)
             ... on level 4 of the Dungeon.
             The game lasted 00:07:23 (2963 turns).

MrTaco21 the Skirmisher (Gargoyle Fighter)          Turns: 2963, Time: 00:07:24

Health: 0/41       AC: 11    Str: 21    XL:     6   Next: 83%
Magic:  6/6        EV:  7    Int:  9    God:
Gold:   89         SH:  9    Dex:  9    Spells: 5/5 levels left

rFire    . . .     SeeInvis .   a - +0 flail
rCold    . . .     Gourm    .   c - +0 shield
rNeg     + . .     Faith    .   b - +0 scale mail
rPois    ∞         Spirit   .   (no helmet)
rElec    +         Reflect  .   (no cloak)
rCorr    .         Harm     .   (no gloves)
MR       .....                  (no boots)
Stlth    ..........             (no amulet)
HPRegen  0.13/turn              (no ring)
MPRegen  0.10/turn              (no ring)

@: no status effects
A: negative energy resistance 1, electricity resistance, unbreathing,
petrification resistance, rot immunity, AC +4
a: no special abilities


You were on level 4 of the Dungeon.
You were hungry.

You visited 1 branch of the dungeon, and saw 4 of its levels.

You collected 89 gold pieces.

Inventory:

Hand Weapons
 a - a +0 flail (weapon)
Armour
 b - a +0 scale mail (worn)
 c - a +0 shield (worn)
Jewellery
 j - an uncursed amulet of faith {unknown}
   (You found it on level 1 of the Dungeon)
 l - an uncursed amulet of rage {unknown}
   (You found it on level 1 of the Dungeon)
Wands
 q - a wand of polymorph (3)
   (You took it off Ijyb on level 4 of the Dungeon)
Scrolls
 g - 4 scrolls of remove curse {@r2}
 h - a scroll of immolation {unknown}
 o - 3 scrolls of identify {unknown}
 p - 2 scrolls of teleportation {unknown}
Potions
 d - 2 potions of might
 f - 2 potions of curing {@q1}
 i - a potion of haste {unknown}
 k - a potion of brilliance {unknown}
 m - a potion of invisibility {unknown}
 n - 2 potions of agility {unknown}
Comestibles
 e - 5 rations {!d}


   Skills:
 + Level 6.2 Fighting
 + Level 5.1 Maces & Flails
 - Level 3.2 Armour
 - Level 3.2 Shields


You had 5 spell levels left.
You didn't know any spells.
Your spell library was empty.

Dungeon Overview and Level Annotations

Branches:
Dungeon (4/15)             Temple (0/1) D:4

Altars:
Gozag
Xom

Annotations:
D:4 1 runed translucent door, Crazy Yiuf


Innate Abilities, Weirdness & Mutations

You are resistant to torment.
Your stone body is resilient. (AC +4)
You are immune to poison.
You resist negative energy. (rN+)
You are resistant to electric shocks. (rElec)
You can survive without breathing.
You are immune to petrification.
You are immune to rotting.


Message History

r - a chunk of flesh You see here an adder skeleton. x2
Eating a chunk of flesh.
You eat the chunk of flesh.
You are feeling hungry.
An orc and an orc priest come into view.
The orc priest shouts!
The orc shouts!
You hear a shout! x2
There are monsters nearby!
An orc comes into view. It is wielding a +0 morningstar.
The orc shouts!
An orc comes into view. It is wielding a +0 trident.
Found a stone staircase leading up.
You block the orc priest's attack. The orc hits you but does no damage.
Found a stone staircase leading down.
You barely miss the orc priest.
The orc priest hits you but does no damage.
The orc hits you but does no damage.
You sock the orc priest! The orc priest barely misses you.
You hit the orc priest but do no damage.
You block the orc's attack.
You closely miss the orc. The orc hits you but does no damage. x2
You block the orc's attack. The orc hits you but does no damage.
You thump the orc!
You kill the orc!
The orc priest mumbles some strange prayers to Beogh against you.
Beogh smites you!
An orc priest comes into view.
The orc hits you but does no damage. You block the orc's attack.
The orc priest casts a cantrip, but nothing happens.
The orc completely misses you.
Found 14 stones.
You see here a +0 morningstar.
You hit the orc priest but do no damage.
The orc priest mumbles some strange prayers to Beogh against you.
Beogh smites you!
* * * LOW HITPOINT WARNING * * *
You block the orc's attack. You block the orc priest's attack.
The orc hits you with a +0 mace.
* * * LOW HITPOINT WARNING * * *
The orc priest hits you but does no damage.
You barely miss the orc priest. The orc hits you with a +0 trident.
* * * LOW HITPOINT WARNING * * *
You block the orc priest's attack. You block the orc's attack.
The orc priest invokes the aid of Beogh against you.
Pain shoots through your body!
* * * LOW HITPOINT WARNING * * *
You hit the orc priest. You block the orc priest's attack.
The orc hits you but does no damage. The orc priest hits you with a +0 mace.
* * * LOW HITPOINT WARNING * * *
The orc hits you with a +0 mace.
You die...

#### # ...####
##########.# ##....#
#.......... . ####.##
##.#.....##...
#.##.##.#..o.......(
#.##...###..@o.##
#.#####.#...oo..#
#####..................#
...#######÷#####.##.##.#
...# #.# #.# .# # #..#
#.# #<# # #..# #.# #>#
#..# #.# #.# #..# #.#


You could see 2 orc priests and 2 orcs.

Vanquished Creatures
  An ice beast (D:4)
  A bullfrog zombie (D:4)
  A hound (D:4)
  2 orc wizards (D:3)
  Ijyb (D:4)
  8 adders
  2 worms (D:3)
  4 dart slugs
  4 leopard geckos
  7 orcs
  A ball python (D:2)
  2 giant cockroaches (D:2)
  6 goblins
  13 hobgoblins
  2 jackals
  7 bats
  3 frilled lizards
  8 kobolds
  7 rats
80 creatures vanquished.

Notes
Turn   | Place    | Note
-------+----------+-------------------------------------------
     0 | D:1      | MrTaco21 the Gargoyle Fighter began the quest for the Orb.
     0 | D:1      | Reached XP level 1. HP: 14/14 MP: 1/1
   139 | D:1      | Reached XP level 2. HP: 18/19 MP: 2/2
   677 | D:1      | Reached skill level 4 in Fighting
   677 | D:1      | Reached XP level 3. HP: 24/24 MP: 3/3
  1040 | D:2      | Reached XP level 4. HP: 30/30 MP: 4/4
  1776 | D:3      | Reached XP level 5. HP: 30/34 MP: 5/5
  1789 | D:3      | Reached skill level 5 in Fighting
  2545 | D:3      | Found an opulent altar of Gozag.
  2555 | D:3      | Found a shimmering altar of Xom.
  2570 | D:3      | You fall into a shaft and drop 1 floor!
  2571 | D:4      | Noticed an ice beast
  2596 | D:4      | Killed an ice beast
  2596 | D:4      | Reached XP level 6. HP: 31/41 MP: 6/6
  2687 | D:4      | Reached skill level 6 in Fighting
  2748 | D:4      | Found a runed translucent door.
  2749 | D:4      | Noticed Crazy Yiuf
  2820 | D:4      | Noticed Ijyb
  2853 | D:4      | Killed Ijyb
  2853 | D:4      | Reached skill level 5 in Maces & Flails
  2912 | D:4      | Found a staircase to the Ecumenical Temple.
  2963 | D:4      | HP: 1/41 [orc priest/+0 mace (6)]
  2963 | D:4      | Slain by an orc

Levels and vault maps discovered:
D:1:      wander_arrival_chamber, layout_basic, minmay_tiny_reverse_x
D:2:      layout_loops_cross
D:3:      layout_basic, amethyst_overflow_temple_binary
D:4:      layout_loops_ring, temple_doors_e, uniq_ijyb, uniq_crazy_yiuf_cottage

Skill      XL: |  1  2  3  4  5  6 |
---------------+-------------------+-----
Fighting       | 4 5 6 |  6.2
Maces & Flails | 3 4 5 |  5.1
Armour         | |  3.2
Shields        | |  3.2

Action                   |  1- 3 |  4- 6 || total
-------------------------+-------+-------++-------
Melee: Flail             |   154 |   247 ||   401
  Use: Scroll            |     2 |       ||     2
  Eat: Chunk             |     1 |     6 ||     7
Armor: Scale mail        |    70 |   182 ||   252
Dodge: Dodged            |    48 |   109 ||   157
Block: Shield            |    85 |   152 ||   237

Table legend:
 A = Non-vault XP
 B = Vault XP
 C = Vault XP percentage of total XP
 D = Non-vault monster count
 E = Vault monster count
 F = Vault count percentage of total count
                 A         B        C        D         E       F
            +---------+---------+-------+---------+---------+-------
      Total |     530 |      37 |   6.5 |      76 |       3 |   3.8
            +---------+---------+-------+---------+---------+-------
        D:1 |      38 |       5 |  11.6 |      22 |       2 |   8.3
        D:2 |     113 |       0 |   0.0 |      31 |       0 |   0.0
        D:3 |     130 |       0 |   0.0 |      16 |       0 |   0.0
        D:4 |     249 |      32 |  11.4 |       7 |       1 |  12.5
            +---------+---------+-------+---------+---------+-------
